AoeStats
← 航各各

Arena

509062327Analyzed
3v3 RM · 8d ago on Sep 25, 2026· 32m 59s· 6 players
Game mode
Random Map
Map size
Normal (6 player)
Population
200
Speed
Normal
Resources
Standard
Victory
Conquest
Starting age
Dark Age
Ending age
Imperial Age
RankedLock teamsTeams togetherTeam positionsShared explorationLock speedFull tech treeHidden civsTurbo modeCheats
Victory
Defeat
🇨🇳 Persians · China
880
+40
🇪🇸 Vietnamese · Spain
840
+15
🇨🇳 Gurjaras · China
830
+16
🇦🇺 Mongols · Australia
863
-16
🇦🇺 Italians · Australia
826
-15
🇦🇺 Huns · Australia
799
-14
Peasantz
10:58 Feudal Age
9:13 Loom
15:51 Castle Age
13:54 Double-Bit Axe
14:04 Horse Collar
17:22 Bow Saw
17:44 Heavy Plow
23:37 Fletching
24:35 Wheelbarrow
23:50 Town Watch
23:40 Crossbowman
26:03 Fervor
25:59 Gold Mining
27:01 Padded Archer Armor
27:45 Stone Mining
28:08 Crossbowman
28:53 Thumb Ring
29:28 Bodkin Arrow
30:12 Pikeman
30:53 Squires
33:25 Imperial Age
32:08 Ballistics
32:43 Scale Mail Armor
32:54 Forging
Phở
11:16 Feudal Age
19:57 Castle Age
17:56 Gold Mining
17:55 Double-Bit Axe
17:54 Horse Collar
20:17 Wheelbarrow
24:51 Hand Cart
28:29 Forging
28:26 Scale Barding Armor
28:45 Caravan
30:24 Iron Casting
TornadoTittyTwister
10:50 Feudal Age
15:20 Castle Age
13:20 Double-Bit Axe
13:18 Horse Collar
21:39 Wheelbarrow
21:22 Gold Mining
21:26 Loom
22:13 Bow Saw
23:09 Bloodlines
24:42 Husbandry
26:10 Hand Cart
26:22 Ballistics
26:36 Heavy Plow
31:41 Imperial Age
30:02 Pikeman
31:10 Murder Holes
航各各
21:04 Feudal Age
22:40 Horse Collar
29:21 Castle Age
29:02 Wheelbarrow
29:13 Wheelbarrow
28:27 Town Watch
32:36 Crossbowman
33:23 Thumb Ring
Aventurine
10:24 Feudal Age
14:35 Castle Age
12:39 Double-Bit Axe
13:02 Horse Collar
17:21 Wheelbarrow
17:00 Loom
21:00 Gold Mining
21:53 Husbandry
24:30 Scale Barding Armor
25:07 Bloodlines
25:41 Forging
26:40 Bow Saw
27:08 Heavy Plow
28:37 Scale Mail Armor
29:18 Chain Barding Armor
30:16 Stone Mining
32:05 Iron Casting
33:19 Gold Shaft Mining
kikekalimar
11:48 Feudal Age
13:27 Wheelbarrow
12:41 Double-Bit Axe
12:50 Gold Mining
13:28 Loom
16:24 Man-at-Arms
18:03 Horse Collar
18:17 Stone Mining
21:40 Castle Age
22:49 Forging
22:30 Fletching
24:38 Bow Saw
25:08 Stone Shaft Mining
24:36 Heavy Plow
24:47 Husbandry
24:09 Elite Skirmisher
24:12 Pikeman
24:51 Bodkin Arrow
25:31 Iron Casting
28:27 Scale Barding Armor
28:58 Bloodlines
28:08 Light Cavalry
28:12 Crossbowman
30:23 Treadmill Crane
30:54 Fortified Wall
32:45 Murder Holes
33:17 Chatras
Connection lost

Rejoining the realm…

Still unreachable

The connection could not be restored.

Session expired

The server has moved on; the page needs a fresh start.